 Dungeon Crawl Stone Soup version 0.25.1-2-g60ff931df9 (webtiles) character file.

Game seed: 8714679949164000442

1501 Patoropollo the Cudgeler (level 9, -6/68 HPs)
             Began as a Human Fighter on Oct 8, 2020.
             Was an Initiate of Okawaru.
             Mangled by an orc warrior
             ... wielding a +0 hand axe
              (15 damage)
             ... on level 5 of the Dungeon.
             The game lasted 00:18:26 (7487 turns).

Patoropollo the Cudgeler (Human Fighter)            Turns: 7487, Time: 00:18:26

Health: -6/68      AC:  8    Str: 17    XL:     9   Next: 8%
Magic:  9/9        EV: 10    Int: 16    God:    Okawaru [......]
Gold:   163        SH: 10    Dex: 15    Spells: 8/8 levels left

rFire    . . .     SeeInvis .   a - +0 flail
rCold    . . .     Gourm    .   c - +0 kite shield
rNeg     . . .     Faith    .   b - +0 scale mail
rPois    .         Spirit   .   (no helmet)
rElec    .         Reflect  .   (no cloak)
rCorr    .         Harm     .   x - +0 pair of gloves "Lurchaixzo" {Int+7}
MR       .....                  (no boots)
Stlth    ..........             (no amulet)
HPRegen  0.21/turn              (no ring)
MPRegen  0.11/turn              (no ring)

@: studying Translocations
A: no striking features
a: Renounce Religion


You were on level 5 of the Dungeon.
You worshipped Okawaru.
Okawaru was noncommittal.
You were not hungry.

You visited 2 branches of the dungeon, and saw 7 of its levels.

You collected 163 gold pieces.

Inventory:

Hand Weapons
 a - a +0 flail (weapon)
Armour
 b - a +0 scale mail (worn)
 c - a +0 kite shield (worn)
 x - the +0 pair of gloves "Lurchaixzo" (worn) {Int+7}
   (You found it on level 5 of the Dungeon)

   It affects your intelligence (+7).
Wands
 q - a wand of acid (8)
 r - a wand of iceblast (5)
 u - a wand of random effects (19)
Scrolls
 e - 4 scrolls of teleportation {unknown}
 g - 2 scrolls of enchant weapon {unknown}
 k - a scroll of immolation {unknown}
 m - 4 scrolls of remove curse
 p - 2 scrolls of identify
 w - a scroll of noise {unknown}
Potions
 d - a potion of might
 h - a potion of degeneration
 i - 5 potions of flight
 j - 5 potions of curing
 l - 2 potions of brilliance
 n - 2 potions of cancellation
 v - a potion of invisibility {unknown}
Books
 s - a manual of Translocations
Comestibles
 f - 10 rations


   Skills:
 + Level 5.4 Fighting
 + Level 5.8 Maces & Flails
 + Level 5.8 Armour
 + Level 3.8 Dodging
 + Level 5.3 Shields


You had 8 spell levels left.
You didn't know any spells.
Your spell library was empty.

Dungeon Overview and Level Annotations

Branches:
Dungeon (6/15)             Temple (1/1) D:5

Altars:
Ashenzari
Cheibriados
Dithmenos
Elyvilon
Hepliaklqana
Kikubaaqudgha
Makhleb
Nemelex Xobeh
Okawaru
Qazlal
Ru
Sif Muna
Trog
Uskayaw
Yredelemnul
Zin


Message History

The orc warrior hits you with a +0 hand axe!
You hit the orc.
You kill the orc!
The orc warrior hits you with a +0 hand axe!
The orc warrior hits you with a +0 hand axe!
* * * LOW HITPOINT WARNING * * *
There is an open door, spattered with blood here.
Things that are here:
a +0 short sword; a +0 scale mail
Things that are here:
a +0 mace; an orc corpse
Okay, then.
You hit the orc warrior.
The orc warrior is heavily wounded.
The orc warrior hits you with a +0 hand axe.
* * * LOW HITPOINT WARNING * * *
You hit the orc warrior.
The orc warrior is heavily wounded.
The orc warrior hits you with a +0 hand axe!
You die...

#....#........#....#.............
#....#........#....#.............
'....'........#....#.............
####'#........######.............
#....#....................#'####.
.....#....................#....#.
...>.#....................#....#.
.....'....................#....#.
.....#..........@.........#....#.
.##..#..........o.........######.
###..##'#......#)######'#........
.#......#......#........#........
.#..[...#.....o#........#........
.#......#......#........#........
.#......#......#........#...♣.♣..
.#......#......#........#....>...
.#......#....[.#........#...♣.♣..


You could see an orc warrior.

Vanquished Creatures
  Sigmund (D:4)
  A wyvern (D:5)
  A centaur (D:5)
  3 ogres
  2 bullfrogs
  2 scorpions (D:4)
  A killer bee (D:5)
  A howler monkey (D:5)
  A jelly (D:5)
  2 crimson imps (D:5)
  2 bullfrog skeletons
  A centaur skeleton (D:5)
  Jessica (D:3)
  Ijyb (D:4)
  Terence (D:2)
  Natasha (thrice) (D:2)
  A worker ant (D:5)
  A hound zombie (D:5)
  3 gnolls
  5 adders
  A worm (D:5)
  2 dart slugs
  7 leopard geckos
  7 orcs
  2 ball pythons (D:3)
  10 bats
  4 giant cockroaches
  5 goblins
  6 hobgoblins
  10 jackals
  2 quokkas
  A frilled lizard (D:1)
  8 kobolds
  A leopard gecko zombie (D:5)
  4 rats
104 creatures vanquished.

Notes
Turn   | Place    | Note
-------+----------+-------------------------------------------
     0 | D:1      | Patoropollo the Human Fighter began the quest for the Orb.
     0 | D:1      | Reached XP level 1. HP: 18/18 MP: 1/1
   104 | D:1      | Reached XP level 2. HP: 24/24 MP: 2/2
   628 | D:1      | Reached XP level 3. HP: 26/29 MP: 3/3
  1065 | D:2      | Noticed Terence
  1080 | D:2      | Killed Terence
  1080 | D:2      | Reached XP level 4. HP: 33/35 MP: 4/4
  1214 | D:2      | Noticed Natasha
  1223 | D:2      | Killed Natasha
  1303 | D:2      | Noticed Natasha
  1315 | D:2      | Killed Natasha
  1315 | D:2      | Reached XP level 5. HP: 27/41 MP: 5/5
  1658 | D:2      | Reached skill level 1 in Dodging
  1948 | D:2      | Noticed Natasha
  1965 | D:2      | Killed Natasha
  2507 | D:3      | Noticed Jessica
  2528 | D:3      | Killed Jessica
  2528 | D:3      | Reached XP level 6. HP: 31/48 MP: 6/6
  3797 | D:4      | Noticed an ogre
  3809 | D:4      | Killed an ogre
  4042 | D:4      | Reached XP level 7. HP: 15/54 MP: 7/7
  4299 | D:4      | Noticed Sigmund
  4484 | D:4      | Killed Sigmund
  4576 | D:4      | Reached skill level 5 in Maces & Flails
  4576 | D:4      | Reached XP level 8. HP: 42/61 MP: 8/8
  4761 | D:4      | Noticed Ijyb
  4781 | D:4      | Killed Ijyb
  5338 | D:5      | Entered Level 5 of the Dungeon
  5429 | D:5      | Reached skill level 5 in Armour
  6441 | D:5      | Reached skill level 5 in Fighting
  6443 | D:5      | Got a pair of bloodstained gloves
  6450 | D:5      | Identified the cursed +0 pair of gloves "Lurchaixzo"
                  | {Int+7} (You found it on level 5 of the Dungeon)
  6467 | D:5      | Found a staircase to the Ecumenical Temple.
  6600 | D:5      | Reached skill level 5 in Shields
  6965 | Temple   | Entered the Ecumenical Temple
  7090 | Temple   | Became a worshipper of Warmaster Okawaru
  7195 | D:6      | Noticed a wyvern
  7218 | D:5      | Killed a wyvern
  7218 | D:5      | Reached XP level 9. HP: 30/68 MP: 9/9
  7487 | D:5      | Mangled by an orc warrior

Illustrated notes

Levels and vault maps discovered:
D:1:      psy_arrival_radial01, layout_basic
D:2:      layout_basic, uniq_terence, uniq_natasha
D:3:      layout_loops_cross, uniq_jessica
D:4:      layout_loops_ring, serial_forest, infiniplex_forest_lined_2,
          infiniplex_forest_clump_curved, infiniplex_forest_end_1,
          infiniplex_forest_lined_2, infiniplex_forest_straight_2,
          infiniplex_forest_clump_small, infiniplex_forest_zigzag_1,
          uniq_sigmund, uniq_ijyb
D:5:      layout_gridville, minmay_temple_entry_trees, first_ration,
          minivault_5, minmay_manual_mess
D:6:      layout_cave_pools, lemuel_coloured_pillars_altar,
          ebering_ghost_reflecting_pool, minmay_quadrilaterals, uniq_menkaure
Temple:   nicolae_temple_elliptical

Skill      XL: |  1  2  3  4  5  6  7  8 |
---------------+-------------------------+-----
Armour         | 4 5 |  5.8
Maces & Flails | 3 4 5 |  5.8
Dodging        | 1 2 3 |  3.8
Fighting       | 4 5 |  5.4
Shields        | 4 5 |  5.3

Action                   |  1- 3 |  4- 6 |  7- 9 || total
-------------------------+-------+-------+-------++-------
Melee: Flail             |   101 |   255 |   177 ||   533
  Use: Scroll            |       |     4 |     3 ||     7
       Potion            |       |       |     3 ||     3
  Eat: Chunk             |     1 |     5 |     1 ||     7
       Ration            |       |     2 |     3 ||     5
Armor: Scale mail        |    71 |   100 |    48 ||   219
Dodge: Dodged            |    51 |    76 |    60 ||   187
Block: Kite shield       |    76 |   117 |   103 ||   296
